Map: Cyber Forest LE

Players

Lambo - Winner!

  • Race: Zerg Zerg
  • League: Grandmaster
  • Spawn Location: 11:00

llllllllllll

  • Race: Protoss Protoss
  • League: Grandmaster
  • Spawn Location: 5:00

VOD

Have the link to the VOD?

Description

Time

  • Played on: Aug. 19, 2019, 11:48 a.m.
  • Length: 9:44
Show
View Real Time Build Order
Export as new Build Order

Lambo Zerg - Winner!

Build Orders: Hatch First 

Get SALT Encoding   

  12  0:01  Drone  
  13  0:14  Overlord  
  13  0:17  Drone  
  14  0:32  Drone x2  
  16  0:48  Hatchery  
  15  0:52  Drone  
  15  0:56  Drone  
  17  0:59  Drone  
  18  1:10  Extractor  
  17  1:14  Spawning Pool  
  17  1:17  Drone  
  17  1:20  Drone  
  18  1:29  Drone  
  19  1:40  Drone  
  20  1:55  Drone  
  20  2:01  Queen x2  
  21  2:02  Zergling x2  
  21  2:03  Overlord  
  26  2:12  Drone x2  
  29  2:22  Drone  
  29  2:27  Drone  
  30  2:32  Drone  
  30  2:33  Hatchery  
  30  2:41  Drone  
  30  2:43  Drone  
  32  2:49  Overlord  
  32  2:53  Drone  
  32  2:56  Queen  
  35  2:59  Metabolic Boost  
  35  3:02  Drone  
  36  3:09  Drone x2  
  38  3:13  Drone x3  
  38  3:16  Drone  
  42  3:23  Overlord  
  42  3:25  Lair  
  42  3:26  Drone  
  43  3:32  Drone  
  44  3:39  Overlord  
  44  3:41  Queen  
  46  3:42  Drone  
  46  3:43  Drone x2  
  46  3:47  Drone x2  
  51  3:51  Queen  
  51  3:53  Drone  
  54  3:59  Spore Crawler  
  54  4:01  Drone  
  54  4:03  Zergling x2, Spore Crawler, Drone  
  54  4:08  Zergling x2  
  54  4:09  Zergling x8  
  60  4:16  Zergling x2  
  61  4:22  Zergling x6  
  61  4:23  Overseer, Zergling x4  
  66  4:28  Overlord  
  66  4:31  Roach Warren  
  66  4:33  Overlord  
  66  4:37  Overlord  
  66  4:38  Drone x2  
  66  4:39  Overlord  
  66  4:47  Drone x2  
  66  4:48  Drone x2  
  66  4:49  Drone  
  66  4:50  Drone  
  66  4:51  Drone  
  70  4:56  Extractor, Drone  
  70  4:58  Extractor  
  69  5:00  Drone x3  
  69  5:02  Drone  
  69  5:03  Drone  
  69  5:05  Evolution Chamber  
  69  5:06  Drone  
  74  5:09  Drone  
  74  5:13  Drone  
  74  5:14  Drone x3  
  79  5:19  Overlord  
  79  5:20  Overlord  
  79  5:21  Extractor  
  78  5:22  Extractor, Overlord  
  78  5:24  Queen, Roach x4  
  78  5:26  Glial Reconstitution  
  87  5:29  Overlord  
  87  5:32  Roach x2  
  91  5:37  Overseer  
  91  5:39  Roach x2  
  95  5:44  Roach x4  
  95  5:48  Extractor  
  102  5:55  Roach x4  
  108  5:58  Overseer  
  108  6:04  Overlord x2  
  101  6:07  Roach x2  
  101  6:08  Roach  
  104  6:11  Overlord  
  104  6:16  Roach x2  
  104  6:17  Roach  
  110  6:21  Roach  
  110  6:22  Roach  
  114  6:26  Overlord  
  114  6:28  Roach x2  
  114  6:30  Zergling x2  
  119  6:33  Roach  
  119  6:35  Roach  
  119  6:37  Ravager  
  119  6:39  Zergling x2, Roach  
  128  6:47  Ravager  
  128  6:48  Zergling x2, Roach x2  
  133  6:57  Roach x4  
  141  7:06  Zergling x6, Roach x2  
  137  7:10  Drone x2  
  137  7:13  Baneling Nest  
  138  7:16  Overlord  
  138  7:25  Drone x6  
  138  7:27  Drone  
  138  7:28  Drone x2  
  147  7:31  Ravager x3  
  147  7:36  Roach x2  
  154  7:40  Drone x2  
  158  7:44  Roach x2  
  158  7:48  Overseer  
  158  7:51  Roach x2  
  162  7:52  Overlord  
  162  7:57  Roach x2  
  150  8:08  Roach x3  
  140  8:14  Roach x2  
  140  8:19  Roach x2  
  136  8:24  Roach x2  
  126  8:32  Roach x3  
  122  8:44  Roach  
  122  8:46  Roach  
  122  8:48  Ravager  
  127  8:49  Hatchery  
  127  8:50  Ravager  
  127  8:52  Roach  
  129  8:56  Roach x2  
  129  8:58  Ravager  
  129  9:01  Roach  
  136  9:04  Roach  
  136  9:07  Roach  
  140  9:11  Roach x2  
  140  9:21  Roach x3  
  142  9:24  Roach  
  142  9:25  Roach  
Show
View Real Time Build Order
Export as new Build Order

llllllllllll Protoss 

Build Orders: Nexus First, Zealot Archon, Archon Drop, Dark Templar Rush 

Get SALT Encoding   

  12  0:02  Probe  
  13  0:14  Probe  
  13  0:19  Pylon  
  14  0:26  Probe  
  15  0:38  Probe  
  16  0:55  Nexus  
  16  1:05  Probe  
  16  1:06  Gateway  
  17  1:14  Probe  
  17  1:17  Assimilator  
  18  1:22  Probe  
  18  1:23  Assimilator  
  18  1:32  Pylon, Probe  
  20  1:40  Probe  
  21  1:52  Probe  
  22  1:55  Cybernetics Core  
  22  1:59  Zealot  
  24  2:02  Probe  
  24  2:03  Probe  
  26  2:10  Probe  
  26  2:11  Probe  
  27  2:19  Probe  
  27  2:21  Probe  
  29  2:24  Warp Gate  
  30  2:31  Probe  
  30  2:32  Twilight Council  
  31  2:41  Robotics Facility  
  31  2:46  Probe  
  32  2:55  Probe  
  33  2:58  Probe  
  36  3:07  Probe  
  36  3:08  Dark Shrine  
  36  3:10  Probe  
  38  3:15  Gateway  
  38  3:17  Gateway  
  38  3:19  Warp Prism  
  36  3:20  Gateway  
  36  3:21  Probe  
  37  3:32  Probe  
  40  3:35  Assimilator  
  40  3:38  Assimilator  
  40  3:42  Probe  
  40  3:45  Pylon, Probe  
  42  3:54  Probe  
  42  3:55  Pylon  
  43  3:57  Probe  
  44  4:06  Probe  
  44  4:09  Probe  
  46  4:18  Probe  
  46  4:21  Dark Templar x4  
  46  4:23  Probe  
  56  4:31  Probe  
  57  4:39  Nexus  
  57  4:46  Immortal  
  57  4:58  Pylon  
  61  5:00  Pylon, Charge  
  61  5:21  Dark Templar x3  
  65  5:22  Dark Templar, Immortal  
  73  5:37  Gateway  
  73  5:39  Gateway  
  73  5:51  Gateway  
  73  5:53  Gateway  
  73  5:56  Pylon  
  69  5:58  Pylon  
  69  6:10  Zealot  
  69  6:11  Immortal, Zealot x3  
  75  6:13  Archon  
  75  6:14  Archon  
  73  6:21  Probe x2  
  79  6:28  Pylon  
  79  6:30  Pylon, Probe  
  79  6:32  Pylon  
  80  6:33  Sentry x4  
  88  6:44  Observer  
  88  6:48  Archon  
  88  6:50  Sentry x2  
  88  6:51  Zealot x2  
  97  6:55  Probe x2  
  97  6:56  Zealot x2  
  97  6:57  Zealot  
  97  6:58  Zealot  
  103  7:12  Zealot  
  103  7:13  Zealot x3  
  109  7:23  Zealot x3  
  109  7:24  Zealot  
  117  7:39  Dark Templar  
  117  7:40  Dark Templar x3  
  125  7:45  Zealot x3  
  99  8:12  Zealot x6  
  99  8:13  Zealot x2  
  79  8:33  Sentry x3  
  79  8:34  Sentry  
  79  8:42  Zealot x4  
  87  8:54  Shield Battery  
  87  8:56  Shield Battery  
  87  8:57  Sentry x4  
  95  9:14  Zealot  
  95  9:15  Zealot x3  
  73  9:26  Zealot x2  
  73  9:27  Zealot x2  
  75  9:36  Dark Templar x3  
Tags
 
Add a new tag
Caveats
  • Supply blocks, unpowered buildings, or Contaminate may cause inaccurate times.
  • Supply counts are checked every 10 seconds.